Map: Taito Citadel LE

Players

HoldTheDoor

  • Race: Protoss Protoss
  • League: Diamond
  • Spawn Location: 5:00

Drowning - Winner!

  • Race: Protoss Protoss
  • League: Diamond
  • Spawn Location: 11:00

VOD

Have the link to the VOD?

Description

Time

  • Played on: May 7, 2026, 1:40 p.m.
  • Length: 7:45
Show
View Real Time Build Order
Export as new Build Order

HoldTheDoor Protoss 

Build Orders:  

Get SALT Encoding   

  12  0:00  Probe  
  13  0:12  Probe  
  14  0:19  Pylon  
  14  0:24  Probe  
  15  0:37  Probe  
  16  0:43  Gateway  
  16  0:49  Probe, Assimilator  
  17  0:56  Assimilator  
  17  1:09  Probe  
  18  1:15  Forge  
  18  1:21  Probe  
  18  1:24  Zealot  
  21  1:33  Probe  
  22  1:48  Photon Cannon  
  22  1:58  Photon Cannon  
  22  2:10  Photon Cannon  
  22  2:16  Zealot  
  21  2:37  Pylon  
  21  2:49  Cybernetics Core  
  21  2:50  Probe  
  22  2:59  Pylon  
  22  3:02  Probe  
  23  3:15  Gateway  
  23  3:18  Probe  
  24  3:27  Robotics Facility  
  24  3:44  Probe  
  25  4:02  Probe  
  22  4:07  Warp Gate  
  22  4:12  Immortal  
  22  4:14  Probe  
  22  4:16  Stalker  
  23  4:17  Gateway  
  29  4:28  Sentry  
  31  4:31  Probe  
  32  4:45  Pylon x2  
  32  5:05  Stalker  
  32  5:06  Stalker  
  34  5:20  Shield Battery  
  34  5:21  Shield Battery  
  34  5:24  Pylon  
  34  5:25  Immortal  
  34  5:54  Shield Battery  
  33  5:59  Sentry  
  35  6:05  Probe  
  36  6:17  Probe  
  37  6:20  Stalker  
  39  6:28  Stalker  
  39  6:29  Probe  
  38  6:53  Stalker x2  
  38  7:06  Stalker  
  36  7:16  Stalker x2  
  36  7:22  Shield Battery  
  40  7:30  Pylon  
Show
View Real Time Build Order
Export as new Build Order

Drowning Protoss - Winner!

Build Orders:  

Get SALT Encoding   

  12  0:01  Probe  
  13  0:15  Pylon  
  13  0:18  Probe  
  14  0:27  Probe  
  14  0:35  Forge  
  15  0:36  Probe  
  16  0:48  Probe  
  17  1:00  Probe  
  18  1:09  Gateway  
  17  1:12  Probe  
  18  1:24  Probe  
  19  1:26  Pylon  
  19  1:27  Pylon  
  19  1:36  Probe  
  20  1:45  Photon Cannon  
  20  1:47  Pylon  
  20  1:49  Pylon  
  20  1:55  Photon Cannon  
  20  2:06  Photon Cannon  
  20  2:09  Probe  
  21  2:23  Photon Cannon  
  21  2:34  Assimilator  
  21  2:36  Cybernetics Core  
  21  2:37  Assimilator  
  21  2:50  Nexus  
  21  2:59  Probe  
  21  3:03  Pylon  
  22  3:06  Pylon  
  22  3:07  Probe  
  22  3:11  Adept  
  23  3:12  Warp Gate  
  25  3:27  Probe  
  26  3:34  Stalker  
  28  4:05  Stargate  
  28  4:09  Probe  
  29  4:10  Probe  
  29  4:12  Photon Cannon  
  30  4:18  Probe  
  30  4:22  Probe  
  32  4:26  Probe  
  33  4:34  Probe  
  33  4:35  Twilight Council  
  33  4:36  Probe  
  35  4:56  Oracle  
  35  4:58  Probe  
  39  5:15  Charge  
  39  5:17  Stalker  
  39  5:21  Assimilator  
  41  5:22  Assimilator  
  41  5:23  Probe  
  42  5:34  Pylon  
  42  5:44  Oracle  
  42  5:55  Zealot  
  47  6:03  Nexus  
  47  6:09  Gateway  
  47  6:11  Gateway  
  47  6:13  Gateway  
  47  6:14  Gateway, Probe  
  47  6:16  Pylon  
  48  6:32  Pylon  
  48  6:35  Pylon  
  40  6:50  Probe x2  
  40  6:52  Zealot  
  40  7:01  Oracle  
  39  7:02  Probe  
  40  7:10  Probe  
  40  7:11  Zealot x2  
  40  7:13  Shield Battery  
  40  7:14  Probe  
  46  7:26  Probe  
  47  7:35  Shield Battery  
  47  7:38  Zealot  
Tags
 
Matchup
PvP
Replay Pack
SC2Mai2026
Spawn Locations
Cross Positions
Add a new tag
Caveats
  • Supply blocks, unpowered buildings, or Contaminate may cause inaccurate times.
  • Supply counts are checked every 10 seconds.